AoeStats
← Ben

Arena

509462701Analyzed
4v4 RM · 4d ago on Sep 26, 2026· 41m 31s· 8 players
Game mode
Random Map
Map size
Large (8 player)
Population
200
Speed
Normal
Resources
Standard
Victory
Conquest
Starting age
Dark Age
Ending age
Imperial Age
RankedLock teamsTeams togetherTeam positionsShared explorationLock speedFull tech treeHidden civsTurbo modeCheats
Victory
Defeat
🇺🇦 Britons · Ukraine
979
+13
🇩🇪 Malay · Germany
941
+15
🇬🇧 Dravidians · United Kingdom
889
+17
🇩🇪 Cumans · Germany
859
+18
🇺🇸 Romans · United States
921
-16
🇦🇷 Celts · Argentina
916
-16
🇺🇸 Persians · United States
906
-16
🇺🇸 Saracens · United States
900
-15
xFREEtheCHIEFx
12:35 Feudal Age
13:40 Double-Bit Axe
13:37 Horse Collar
17:45 Castle Age
17:34 Stone Mining
18:55 Bow Saw
20:21 Heavy Plow
24:35 Gold Mining
25:23 Wheelbarrow
24:34 Loom
26:52 Hand Cart
26:23 Town Watch
30:59 Imperial Age
29:41 Gold Shaft Mining
29:20 Town Patrol
31:20 Thumb Ring
30:36 Crossbowman
31:34 Arbalester
32:52 Ballistics
32:47 Fortified Wall
33:00 Fletching
33:11 Padded Archer Armor
33:22 Forging
34:11 Bodkin Arrow
34:32 Leather Archer Armor
35:42 Siege Engineers
36:16 Counterweights
36:12 Husbandry
36:30 Bloodlines
37:14 Bracer
37:45 Ring Archer Armor
37:50 Light Cavalry
40:21 Heavy Camel Rider
Jan
4:33 Loom
10:53 Feudal Age
11:24 Double-Bit Axe
11:21 Horse Collar
11:34 Gold Mining
19:25 Castle Age
17:43 Stone Mining
21:07 Bow Saw
20:59 Heavy Plow
22:27 Gold Shaft Mining
26:44 Imperial Age
25:02 Stone Shaft Mining
25:13 Forging
25:09 Scale Barding Armor
24:57 Fletching
25:07 Scale Mail Armor
25:13 Padded Archer Armor
26:50 Iron Casting
28:46 Two-Man Saw
30:59 Blast Furnace
32:27 Wheelbarrow
33:13 Chain Barding Armor
33:50 Kamandaran
34:11 Citadels
34:23 Conscription
35:50 Plate Barding Armor
35:14 Elite War Elephant
36:56 Chain Mail Armor
39:46 Hand Cart
39:17 Town Watch
Ben
10:06 Feudal Age
12:11 Double-Bit Axe
12:56 Horse Collar
14:08 Wheelbarrow
16:54 Castle Age
14:50 Loom
15:42 Wheelbarrow
15:01 Man-at-Arms
17:21 Long Swordsman
18:03 Squires
18:42 Scale Mail Armor
25:30 Heavy Plow
27:59 Hand Cart
28:22 Gold Mining
30:13 Gold Shaft Mining
30:11 Bow Saw
31:20 Forging
31:24 Town Watch
34:19 Imperial Age
32:53 Caravan
34:55 Chain Mail Armor
35:15 Iron Casting
35:11 Ballistas
35:41 Ballistics
MonteBlack
8:11 Loom
13:15 Feudal Age
15:08 Double-Bit Axe
15:16 Gold Mining
15:10 Horse Collar
16:06 Stone Mining
20:04 Castle Age
18:30 Arson
18:57 Forging
18:49 Scale Mail Armor
20:45 Gambesons
29:16 Imperial Age
31:43 Wheelbarrow
32:51 Iron Casting
32:31 Chain Mail Armor
32:08 Fletching
40:10 Heavy Plow
scanya
2:49 Loom
3:08 Loom
9:32 Feudal Age
12:43 Double-Bit Axe
13:18 Horse Collar
21:52 Castle Age
20:33 Bloodlines
21:34 Wheelbarrow
21:02 Scale Mail Armor
22:31 Forging
22:26 Scale Barding Armor
22:23 Gold Mining
22:23 Stone Mining
26:01 Pikeman
26:42 Squires
26:53 Heavy Plow
27:06 Bow Saw
28:37 Gold Shaft Mining
28:24 Hand Cart
29:11 Arson
28:47 Man-at-Arms
28:50 Light Cavalry
30:22 Murder Holes
30:39 Masonry
34:26 Imperial Age
33:04 Iron Casting
32:44 Chain Mail Armor
32:49 Chain Barding Armor
32:20 Fletching
33:59 Chain Barding Armor
34:38 Steppe Husbandry
34:19 Capped Ram
35:25 Cavalier
36:37 Siege Ram
37:58 Paladin
41:21 Crop Rotation
41:53 Two-Man Saw
kuro3bb
1:09 Loom
9:26 Feudal Age
9:51 Double-Bit Axe
11:45 Wheelbarrow
17:16 Castle Age
16:51 Stone Mining
19:33 Bow Saw
19:07 Horse Collar
20:27 Forging
20:17 Fletching
25:13 Heavy Plow
25:27 Fortified Wall
27:58 Gold Mining
28:25 Caravan
29:59 Bodkin Arrow
30:04 Padded Archer Armor
31:30 Hand Cart
31:27 Forging
31:18 Scale Mail Armor
30:44 Pikeman
30:45 Man-at-Arms
31:25 Squires
31:10 Gambesons
31:12 Arson
32:34 Ballistics
32:12 Murder Holes
32:30 Masonry
32:33 Thumb Ring
36:37 Imperial Age
34:58 Husbandry
37:39 Chain Mail Armor
38:00 Iron Casting
37:25 Bracer
37:41 Leather Archer Armor
37:25 Halberdier
39:05 Elite Skirmisher
41:31 Chemistry
39:55 Onager
zel
11:29 Feudal Age
12:06 Horse Collar
16:08 Castle Age
14:17 Double-Bit Axe
17:36 Bow Saw
22:34 Heavy Plow
22:44 Stone Mining
23:09 Loom
23:56 Gold Mining
29:40 Imperial Age
27:56 Padded Archer Armor
27:47 Fletching
28:40 Wheelbarrow
27:53 Town Watch
28:37 Ballistics
28:05 Treadmill Crane
28:36 Masonry
28:39 Fortified Wall
29:54 Hand Cart
29:40 Town Patrol
29:56 Caravan
31:02 Gold Shaft Mining
30:28 Pikeman
31:10 Squires
31:33 Leather Archer Armor
32:36 Two-Man Saw
31:36 Gambesons
33:30 Chemistry
33:02 Architecture
32:41 Siege Engineers
33:35 Ring Archer Armor
33:33 Elite Longbowman
34:39 Conscription
34:23 Halberdier
36:02 Yeomen
37:29 Bodkin Arrow
37:44 Forging
37:37 Scale Mail Armor
weinerthenry
0:41 Loom
11:42 Feudal Age
15:53 Castle Age
14:12 Double-Bit Axe
14:17 Horse Collar
17:12 Wheelbarrow
25:19 Bow Saw
27:48 Gold Mining
27:53 Stone Mining
32:38 Imperial Age
30:30 Forging
31:47 Iron Casting
31:29 Squires
31:17 Arson
34:03 Blast Furnace
33:40 Hand Cart
33:08 Pikeman
36:31 Elite Karambit Warrior
38:58 Fletching
39:09 Padded Archer Armor
38:57 Town Watch
Connection lost

Rejoining the realm…

Still unreachable

The connection could not be restored.

Session expired

The server has moved on; the page needs a fresh start.